 Dungeon Crawl Stone Soup version 0.25-a0-316-gd28d56f9c5 (webtiles) character file.

Game seed: 11053570516027602244, levelgen mode: classic

358 Borgoz the Chopper (level 6, -10/58 HPs)
             Began as a Gargoyle Berserker on Dec 24, 2019.
             Was a Believer of Trog.
             Mangled by Menkaure (14 damage)
             ... on level 4 of the Dungeon.
             The game lasted 00:02:11 (1408 turns).

Borgoz the Chopper (Gargoyle Berserker)             Turns: 1408, Time: 00:02:12

Health: -10/58     AC: 10    Str: 26    XL:     6   Next: 64%
Magic:  6/6        EV: 12    Int:  7    God:    Trog [**....]
Gold:   22         SH:  0    Dex: 11    Spells: 5/5 levels left

rFire    + . .     SeeInvis .   a - +0 hand axe
rCold    . . .     Gourm    .   (no shield)
rNeg     + . .     Faith    .   l - +0 ring mail (curse)
rPois    ∞         Spirit   .   (no helmet)
rElec    +         Reflect  .   (no cloak)
rCorr    .         Harm     .   (no gloves)
MR       .....                  (no boots)
Stlth    ..........             (no amulet)
HPRegen  0.19/turn              h - ring of protection from fire
MPRegen  0.10/turn              (no ring)

@: berserking, very quick
A: negative energy resistance 1, electricity resistance, unbreathing,
petrification resistance, rot immunity, AC +4
a: Berserk, Trog's Hand, Renounce Religion


You were on level 4 of the Dungeon.
You worshipped Trog.
Trog was pleased with you.
You were very hungry.

You visited 1 branch of the dungeon, and saw 3 of its levels.

You collected 22 gold pieces.

Inventory:

Hand Weapons
 a - a +0 hand axe (weapon)
Armour
 l - a cursed +0 ring mail (worn)
Jewellery
 h - a ring of protection from fire (left hand)
Scrolls
 d - a scroll of identify
 i - a scroll of blinking {unknown}
 j - 2 scrolls of remove curse {unknown}
 k - 2 scrolls of amnesia {unknown}
Comestibles
 b - 11 chunks of flesh
 c - 5 rations


   Skills:
 + Level 4.4 Fighting
 * Level 4.4 Axes
 + Level 3.6 Armour
 * Level 3.3 Dodging


You had 5 spell levels left.
You didn't know any spells.
Your spell library was empty.

Dungeon Overview and Level Annotations

Branches:
Dungeon (2/15)

Altars:

Annotations:
D:4 Menkaure


Innate Abilities, Weirdness & Mutations

You are resistant to torment.
Your stone body is resilient. (AC +4)
You are immune to poison.
You resist negative energy. (rN+)
You are resistant to electric shocks. (rElec)
You can survive without breathing.
You are immune to petrification.
You are immune to rotting.


Message History

You are too injured to fight recklessly!
You are too injured to fight recklessly!
You slash the orc!
You kill the orc!
Trog accepts your kill.
You slash the ogre! You hit the orc wizard.
You kill the orc wizard!
Trog accepts your kill.
Trog appreciates your killing of a magic user.
The ogre hits you with a +0 giant club.
* * * LOW HITPOINT WARNING * * *
You barely miss Menkaure. You hit the ogre. You barely miss Menkaure.
You barely miss the ogre. Menkaure hits you!
* * * LOW HITPOINT WARNING * * *
The ogre closely misses you.
Unknown command.
You hit Menkaure.
Menkaure is moderately damaged.
You hit the ogre. Menkaure hits you!
You die...

.....!.....##
............#
............
............
........o..#
...........#
......)MO.+
##....)@..#
#.........# ..
#.........# ...
#........##....
..###....####....
..###............
..............###
..............###
.................
.......


You could see an ogre, Menkaure and an orc.

Vanquished Creatures
  An ogre (D:4)
  An orc priest (D:4)
  An iguana (D:4)
  4 orc wizards (D:4)
  A worker ant (D:4)
  2 adders
  An ooze (D:1)
  A worm (D:2)
  2 leopard geckos
  5 orcs (D:4)
  4 bats
  2 giant cockroaches (D:1)
  5 goblins (D:1)
  5 hobgoblins
  7 jackals
  2 frilled lizards (D:1)
  3 kobolds
  6 rats
53 creatures vanquished.

Notes
Turn   | Place    | Note
-------+----------+-------------------------------------------
     0 | D:1      | Borgoz the Gargoyle Berserker began the quest for the Orb.
     0 | D:1      | Reached XP level 1. HP: 14/14 MP: 1/1
    52 | D:1      | Reached XP level 2. HP: 17/19 MP: 2/2
   332 | D:1      | Reached XP level 3. HP: 21/23 MP: 3/3
   437 | D:1      | Reached ** piety under Trog
  1234 | D:2      | You fall into a shaft and drop 2 floors!
  1238 | D:4      | Noticed an ogre
  1242 | D:4      | Reached XP level 4. HP: 29/29 MP: 4/4
  1243 | D:4      | Reached XP level 5. HP: 33/33 MP: 5/5
  1252 | D:4      | Killed an ogre
  1252 | D:4      | Reached XP level 6. HP: 38/38 MP: 6/6
  1398 | D:4      | Noticed Menkaure
  1408 | D:4      | Mangled by Menkaure

Levels and vault maps discovered:
D:1:      minmay_arrival_nine_rooms, layout_loops_ring
D:2:      layout_basic, first_ration, minmay_tripent, uniq_jessica
D:4:      kennysheep_the_goblin_king, layout_basic, uniq_menkaure, uniq_ijyb

Skill      XL: |  1  2  3  4  5 |
---------------+----------------+-----
Axes           | 3 4 |  4.4
Dodging        | 2 3 |  3.3
Armour         | 3 |  3.6
Fighting       | 4 |  4.4

Action                   |  1- 3 |  4- 6 || total
-------------------------+-------+-------++-------
Melee: Hand axe          |   136 |    36 ||   172
Invok: Berserk           |     1 |     1 ||     2
       Trog's Hand       |     1 |       ||     1
  Use: Scroll            |     2 |       ||     2
       Potion            |     1 |       ||     1
  Eat: Chunk             |     1 |     2 ||     3
Armor: Animal skin       |    42 |       ||    42
       Ring mail         |    16 |    30 ||    46
Dodge: Dodged            |    97 |    29 ||   126

Table legend:
 A = Non-vault XP
 B = Vault XP
 C = Vault XP percentage of total XP
 D = Non-vault monster count
 E = Vault monster count
 F = Vault count percentage of total count
                 A         B        C        D         E       F
            +---------+---------+-------+---------+---------+-------
      Total |     512 |       0 |   0.0 |      53 |       0 |   0.0
            +---------+---------+-------+---------+---------+-------
        D:1 |      51 |       0 |   0.0 |      27 |       0 |   0.0
        D:2 |      28 |       0 |   0.0 |       8 |       0 |   0.0
        D:4 |     433 |       0 |   0.0 |      18 |       0 |   0.0
            +---------+---------+-------+---------+---------+-------
